[Event "FICS rated blitz game"]
[Site "FICS freechess.org"]
[FICSGamesDBGameNo "20000369"]
[White "palash"]
[Black "RJF"]
[WhiteElo "1835"]
[BlackElo "2122"]
[WhiteRD "na"]
[BlackRD "na"]
[TimeControl "180+0"]
[Date "1999.03.31"]
[Time "08:14:00"]
[WhiteClock "0:03:00.000"]
[BlackClock "0:03:00.000"]
[ECO "B01"]
[PlyCount "94"]
[Result "0-1"]

1. e4 d5 2. exd5 Qxd5 3. Nc3 Qd8 4. d4 g6 5. Bc4 Nh6 6. Nf3 Bg7 7. O-O Nf5 8. Be3 O-O 9. Qd3 Nd6 10. Bb3 Bf5 11. Qd2 Nc6 12. Rad1 Na5 13. Rfe1 Nac4 14. Qc1 Nxe3 15. fxe3 Bg4 16. Qd2 Bxf3 17. gxf3 e5 18. Re2 Re8 19. d5 e4 20. f4 a5 21. a4 Qh4 22. Nb5 Bxb2 23. Nxc7 Rac8 24. Nxe8 Bc3 25. Nxd6 Bxd2 26. Nxc8 Bxe3+ 27. Rxe3 Qg4+ 28. Kf2 Qxd1 29. d6 Qd2+ 30. Re2 Qxf4+ 31. Ke1 Qc1+ 32. Kf2 Qf4+ 33. Ke1 Qg4 34. Rf2 Qg1+ 35. Ke2 Qg4+ 36. Kf1 Qd1+ 37. Kg2 Qg4+ 38. Kf1 Qxc8 39. Rxf7 Kh8 40. d7 Qd8 41. Ke2 h5 42. Ke3 Qg5+ 43. Kxe4 Qg4+ 44. Ke5 Qg5+ 45. Ke6 Qg4+ 46. Ke7 Qe4+ 47. Kf8 Qb4+ {White forfeits on time} 0-1

[Event "FICS rated blitz game"]
[Site "FICS freechess.org"]
[FICSGamesDBGameNo "20000367"]
[White "denshi"]
[Black "zato"]
[WhiteElo "1423"]
[BlackElo "1349"]
[WhiteRD "na"]
[BlackRD "na"]
[TimeControl "120+12"]
[Date "1999.03.31"]
[Time "02:55:00"]
[WhiteClock "0:02:00.000"]
[BlackClock "0:02:00.000"]
[ECO "C02"]
[PlyCount "69"]
[Result "1-0"]

1. e4 e6 2. Nf3 d5 3. e5 c5 4. c3 Qb6 5. d4 Nc6 6. b3 Nge7 7. Be3 Nf5 8. Bd3 Nxe3 9. fxe3 cxd4 10. exd4 Qa5 11. O-O b5 12. b4 Qb6 13. Nbd2 a5 14. a3 Bb7 15. Kh1 axb4 16. axb4 Rxa1 17. Qxa1 Be7 18. Nb3 O-O 19. Nc5 Bxc5 20. bxc5 Qa6 21. Qb1 g6 22. Bxb5 Na5 23. Bxa6 Bxa6 24. Rf2 Bc4 25. Nd2 Ra8 26. h3 Kg7 27. Qb6 h5 28. Qc7 Nb3 29. Qxf7+ Kh6 30. Qf4+ Kh7 31. Nxb3 Bxb3 32. Qf7+ Kh6 33. Qxe6 Ra1+ 34. Kh2 Re1 35. Rf6 {Black resigns} 1-0

[Event "FICS rated blitz game"]
[Site "FICS freechess.org"]
[FICSGamesDBGameNo "20000364"]
[White "KidKibbitz"]
[Black "Lorca"]
[WhiteElo "1603"]
[BlackElo "1450"]
[WhiteRD "na"]
[BlackRD "na"]
[TimeControl "120+12"]
[Date "1999.03.30"]
[Time "20:18:00"]
[WhiteClock "0:02:00.000"]
[BlackClock "0:02:00.000"]
[ECO "B33"]
[PlyCount "73"]
[Result "1/2-1/2"]

1. e4 c5 2. Nf3 Nc6 3. d4 cxd4 4. Nxd4 Nf6 5. Nc3 a6 6. Bc4 e6 7. O-O Bb4 8. Nxc6 bxc6 9. Bg5 h6 10. Bxf6 Qxf6 11. Na4 d5 12. exd5 exd5 13. Qe2+ Be6 14. Bb3 O-O 15. c3 Bd6 16. c4 Qe5 17. Qxe5 Bxe5 18. cxd5 cxd5 19. f4 Bd4+ 20. Kh1 g6 21. Rad1 Be3 22. Bxd5 Bxd5 23. Rxd5 Rad8 24. Nc3 Bd2 25. Rxd8 Rxd8 26. Ne4 Be3 27. g3 f5 28. Nc3 Rd2 29. Nd1 Bd4 30. Re1 Kf7 31. Nc3 Rxb2 32. Nd5 Rxa2 33. Re7+ Kf8 34. Re6 Kf7 35. Re7+ Kf8 36. Re6 Kf7 37. Re7+ {Game drawn by mutual agreement} 1/2-1/2

[Event "FICS rated blitz game"]
[Site "FICS freechess.org"]
[FICSGamesDBGameNo "20000363"]
[White "leusden"]
[Black "oskarsm"]
[WhiteElo "1496"]
[BlackElo "1639"]
[WhiteRD "na"]
[BlackRD "na"]
[TimeControl "300+0"]
[Date "1999.03.30"]
[Time "16:00:00"]
[WhiteClock "0:05:00.000"]
[BlackClock "0:05:00.000"]
[ECO "A07"]
[PlyCount "84"]
[Result "0-1"]

1. Nf3 Nc6 2. g3 d5 3. Bg2 Nf6 4. O-O e5 5. d3 Bc5 6. Nbd2 O-O 7. e4 Bg4 8. c3 dxe4 9. dxe4 Qe7 10. Qc2 Rad8 11. Rd1 Rfe8 12. Nf1 Rxd1 13. Qxd1 Nxe4 14. Be3 Bxe3 15. Nxe3 Bxf3 16. Qxf3 Ng5 17. Qg4 e4 18. Nf5 Qf6 19. h4 Nf3+ 20. Bxf3 exf3 21. Qxf3 Ne5 22. Qf4 Ng6 23. Nh6+ Kf8 24. Qxf6 gxf6 25. Ng4 Kg7 26. Rd1 Re2 27. Rd7 Rxb2 28. Rxc7 Rxa2 29. Rxb7 a5 30. Ne3 Ne5 31. Nf5+ Kg6 32. Nd6 a4 33. f4 Nf3+ 34. Kf1 a3 35. Rxf7 Ra1+ 36. Ke2 a2 37. f5+ Kh6 38. Ne4 Re1+ 39. Kxf3 a1=Q 40. Nxf6 Qxc3+ 41. Kf4 Qe5+ 42. Kg4 Re4+ {White forfeits on time} 0-1

[Event "FICS rated blitz game"]
[Site "FICS freechess.org"]
[FICSGamesDBGameNo "20000361"]
[White "markf"]
[Black "raerae"]
[WhiteElo "1399"]
[BlackElo "1387"]
[WhiteRD "na"]
[BlackRD "na"]
[TimeControl "300+5"]
[Date "1999.03.30"]
[Time "10:32:00"]
[WhiteClock "0:05:00.000"]
[BlackClock "0:05:00.000"]
[ECO "E91"]
[PlyCount "63"]
[Result "1-0"]

1. d4 Nf6 2. c4 g6 3. Nc3 Bg7 4. e4 d6 5. Nf3 O-O 6. Be3 Bg4 7. Be2 Nbd7 8. Qd2 c5 9. d5 Bxf3 10. Bxf3 Ne5 11. Be2 a6 12. Bf4 Ned7 13. a4 Ne8 14. Bh6 Ndf6 15. O-O Qa5 16. f4 Nd7 17. Bxg7 Kxg7 18. b3 Qd8 19. Qb2 Kg8 20. Bg4 h5 21. Bh3 Ndf6 22. Rae1 Kh7 23. g3 Ng4 24. Bxg4 hxg4 25. Qe2 Qd7 26. Kg2 Ng7 27. Rh1 Nh5 28. h3 Nf6 29. hxg4+ Kg7 30. g5 Nh5 31. Qf3 Rh8 32. g4 {Black forfeits on time} 1-0

[Event "FICS rated blitz game"]
[Site "FICS freechess.org"]
[FICSGamesDBGameNo "20000360"]
[White "proundon"]
[Black "ENGLUNDO"]
[WhiteElo "1703"]
[BlackElo "1965"]
[WhiteRD "na"]
[BlackRD "na"]
[TimeControl "180+0"]
[Date "1999.03.29"]
[Time "15:55:00"]
[WhiteClock "0:03:00.000"]
[BlackClock "0:03:00.000"]
[ECO "A85"]
[PlyCount "46"]
[Result "0-1"]

1. d4 e6 2. c4 f5 3. Nc3 Nf6 4. Bg5 Be7 5. e3 h6 6. Bf4 d6 7. Nf3 Nh5 8. Bg3 Nxg3 9. hxg3 Nc6 10. d5 Ne5 11. Nxe5 dxe5 12. Qh5+ Kf8 13. O-O-O Qe8 14. Qxe8+ Kxe8 15. Nb5 Bd8 16. c5 a6 17. Bc4 axb5 18. Bxb5+ Bd7 19. Bxd7+ Kxd7 20. Rd2 exd5 21. Rxd5+ Ke6 22. Rhd1 Be7 23. a3 Rad8 {White resigns} 0-1

[Event "FICS rated blitz game"]
[Site "FICS freechess.org"]
[FICSGamesDBGameNo "20000359"]
[White "Quixote"]
[Black "elisabeth"]
[WhiteElo "1783"]
[BlackElo "1657"]
[WhiteRD "na"]
[BlackRD "na"]
[TimeControl "180+0"]
[Date "1999.03.29"]
[Time "08:39:00"]
[WhiteClock "0:03:00.000"]
[BlackClock "0:03:00.000"]
[ECO "A45"]
[PlyCount "59"]
[Result "1-0"]

1. d4 Nf6 2. e3 d5 3. f4 Bf5 4. Nf3 e6 5. c3 c5 6. Bd3 Bg6 7. O-O Nc6 8. Ne5 c4 9. Bc2 Ne4 10. Nd2 f5 11. Nxe4 dxe4 12. Ba4 Qc7 13. Nxc6 bxc6 14. Bd2 Be7 15. b3 O-O 16. bxc4 Rab8 17. c5 Bf7 18. c4 Rb7 19. Rb1 Rfb8 20. Rxb7 Qxb7 21. Qc2 Qb2 22. Qxb2 Rxb2 23. Bc3 Rb6 24. Rc1 Rb7 25. Bxc6 Rc7 26. Bb5 Kf8 27. Ba5 Rc8 28. Ba6 Rb8 29. c6 Be8 30. c7 {Black resigns} 1-0

[Event "FICS rated blitz game"]
[Site "FICS freechess.org"]
[FICSGamesDBGameNo "20000358"]
[White "biter"]
[Black "Gentili"]
[WhiteElo "1740"]
[BlackElo "1615"]
[WhiteRD "na"]
[BlackRD "na"]
[TimeControl "180+0"]
[Date "1999.03.29"]
[Time "02:12:00"]
[WhiteClock "0:03:00.000"]
[BlackClock "0:03:00.000"]
[ECO "C78"]
[PlyCount "85"]
[Result "1-0"]

1. e4 e5 2. Nf3 Nc6 3. Bb5 a6 4. Ba4 Nf6 5. O-O Bc5 6. Qe2 b5 7. Bb3 d6 8. c3 O-O 9. d3 h6 10. h3 Be6 11. Bc2 Nh7 12. g4 d5 13. Nbd2 Bb6 14. b3 d4 15. c4 bxc4 16. bxc4 Nb4 17. Ba4 Qd6 18. a3 Nc6 19. Nb3 Ne7 20. Bb2 Ng5 21. Nxg5 hxg5 22. Rac1 c5 23. Qd2 f6 24. f3 Ng6 25. Rb1 Nf4 26. h4 gxh4 27. Nc1 Kf7 28. Rf2 Nh3+ 29. Kg2 Nxf2 30. Qxf2 Rh8 31. Kh3 g5 32. Ne2 Qc7 33. Bc1 Rab8 34. Bc2 Ba5 35. f4 Rxb1 36. Bxb1 exf4 37. Nxf4 gxf4 38. Bxf4 Qd7 39. Bg5 Bxg4+ 40. Kh2 Bc7+ 41. Kh1 Kg6 42. Qxf6+ Kh5 43. Bxh4 {Black forfeits on time} 1-0

[Event "FICS rated blitz game"]
[Site "FICS freechess.org"]
[FICSGamesDBGameNo "20000357"]
[White "Sela"]
[Black "MilkRam"]
[WhiteElo "1778"]
[BlackElo "1618"]
[WhiteRD "na"]
[BlackRD "na"]
[TimeControl "180+0"]
[Date "1999.03.29"]
[Time "02:06:00"]
[WhiteClock "0:03:00.000"]
[BlackClock "0:03:00.000"]
[ECO "C50"]
[PlyCount "28"]
[Result "0-1"]

1. e4 e5 2. Nf3 Nc6 3. Bc4 Bc5 4. d3 d6 5. Ng5 Nh6 6. O-O O-O 7. c3 Na5 8. Bxf7+ Nxf7 9. Nxf7 Rxf7 10. b4 Bxf2+ 11. Rxf2 Rxf2 12. Kxf2 Qh4+ 13. Kg1 Bg4 14. Qc2 Qe1# {White checkmated} 0-1

[Event "FICS rated blitz game"]
[Site "FICS freechess.org"]
[FICSGamesDBGameNo "20000356"]
[White "gaj"]
[Black "ovonianos"]
[WhiteElo "1659"]
[BlackElo "1487"]
[WhiteRD "na"]
[BlackRD "na"]
[TimeControl "180+0"]
[Date "1999.03.28"]
[Time "16:39:00"]
[WhiteClock "0:03:00.000"]
[BlackClock "0:03:00.000"]
[ECO "D00"]
[PlyCount "59"]
[Result "1-0"]

1. d4 d5 2. Nf3 Nf6 3. Nc3 e6 4. Bg5 c5 5. e4 Be7 6. e5 Ne4 7. Bb5+ Nc6 8. Nxe4 Bxg5 9. Nexg5 h6 10. Nh3 Bd7 11. Bxc6 Bxc6 12. c3 cxd4 13. cxd4 Qa5+ 14. Qd2 Qd8 15. O-O O-O 16. Nf4 Bd7 17. Rac1 Rc8 18. Rxc8 Bxc8 19. Rc1 f5 20. exf6 Rxf6 21. Re1 Qd6 22. Ne5 Kh7 23. Qd3+ Kg8 24. Nh5 Rf5 25. g4 Rg5 26. h4 Rxh5 27. gxh5 Bd7 28. Qg6 Qe7 29. Nxd7 Qxd7 30. Qxe6+ {Black resigns} 1-0

[Event "FICS rated blitz game"]
[Site "FICS freechess.org"]
[FICSGamesDBGameNo "20000355"]
[White "Zarik"]
[Black "Timothy"]
[WhiteElo "1398"]
[BlackElo "1391"]
[WhiteRD "na"]
[BlackRD "na"]
[TimeControl "180+0"]
[Date "1999.03.28"]
[Time "11:04:00"]
[WhiteClock "0:03:00.000"]
[BlackClock "0:03:00.000"]
[ECO "B54"]
[PlyCount "73"]
[Result "1-0"]

1. e4 c5 2. Nf3 d6 3. d4 cxd4 4. Nxd4 Nf6 5. b3 e6 6. Nd2 Be7 7. Bb2 a6 8. Qf3 Bd7 9. O-O-O Qb6 10. h3 a5 11. Nc4 Qa7 12. g4 h6 13. a4 b5 14. Nxb5 Bxb5 15. axb5 a4 16. Nxd6+ Bxd6 17. Rxd6 axb3 18. Qxb3 Nbd7 19. Ra6 Qb7 20. Rxa8+ Qxa8 21. Bg2 O-O 22. Rg1 Nc5 23. Qc4 Nfxe4 24. Ba3 Rc8 25. Bxc5 Rxc5 26. Qxc5 Nxc5 27. Bxa8 f5 28. c4 Nd7 29. c5 Nxc5 30. b6 Kf7 31. b7 Ke7 32. Rd1 Nxb7 33. Bxb7 Kf6 34. f3 g5 35. Rd6 fxg4 36. hxg4 Ke5 37. Rb6 {Black forfeits on time} 1-0

[Event "FICS rated blitz game"]
[Site "FICS freechess.org"]
[FICSGamesDBGameNo "20000354"]
[White "MarkG"]
[Black "hurk"]
[WhiteElo "1726"]
[BlackElo "1669"]
[WhiteRD "na"]
[BlackRD "na"]
[TimeControl "180+3"]
[Date "1999.03.27"]
[Time "11:53:00"]
[WhiteClock "0:03:00.000"]
[BlackClock "0:03:00.000"]
[ECO "C36"]
[PlyCount "91"]
[Result "1-0"]

1. e4 e5 2. f4 d5 3. exd5 exf4 4. Nf3 Nf6 5. Bc4 Nxd5 6. Bxd5 Qxd5 7. d4 Bg4 8. Bxf4 Bxf3 9. Qxf3 Qxf3 10. gxf3 Bd6 11. Bxd6 cxd6 12. Kd2 Kd7 13. Rg1 g6 14. Nc3 Kc6 15. Rae1 Kd7 16. Nd5 f5 17. Re7+ Kc6 18. Nc7 Nd7 19. Nxa8 Rxa8 20. Rge1 Nf6 21. c4 Rc8 22. Kd3 a6 23. R1e6 Nh5 24. Kc3 Nf4 25. Re3 b5 26. b3 h5 27. d5+ Kc5 28. b4+ Kb6 29. c5+ dxc5 30. R3e6+ Nxe6 31. Rxe6+ Kb7 32. Rxg6 cxb4+ 33. Kxb4 Rc2 34. Rf6 Rxh2 35. Rxf5 h4 36. a3 Rd2 37. Kc5 h3 38. Rf7+ Kc8 39. Rh7 h2 40. f4 Ra2 41. d6 Rxa3 42. Rxh2 Kd7 43. Rh7+ Ke6 44. Rh6+ Kf5 45. d7 Rd3 46. Rd6 {Black resigns} 1-0

[Event "FICS rated blitz game"]
[Site "FICS freechess.org"]
[FICSGamesDBGameNo "20000352"]
[White "iceland"]
[Black "bgragg"]
[WhiteElo "1157"]
[BlackElo "1130"]
[WhiteRD "na"]
[BlackRD "na"]
[TimeControl "300+0"]
[Date "1999.03.27"]
[Time "10:54:00"]
[WhiteClock "0:05:00.000"]
[BlackClock "0:05:00.000"]
[ECO "C47"]
[PlyCount "50"]
[Result "0-1"]

1. e4 e5 2. Nf3 Nf6 3. Nc3 Nc6 4. d4 exd4 5. Nxd4 Bb4 6. Nxc6 bxc6 7. Bd3 Qe7 8. f3 Bb7 9. Bd2 d5 10. a3 Bxc3 11. Bxc3 dxe4 12. fxe4 Nxe4 13. O-O O-O-O 14. Qg4+ Kb8 15. Bxe4 Rhf8 16. Bxg7 f5 17. Bxf5 Qc5+ 18. Kh1 Rg8 19. Be6 Rge8 20. b4 Qxc2 21. Rac1 Qa2 22. Bd7 Re2 23. Bf6 c5 24. Bxd8 Rxg2 25. Qxg2 Qxg2# {White checkmated} 0-1

[Event "FICS rated blitz game"]
[Site "FICS freechess.org"]
[FICSGamesDBGameNo "20000351"]
[White "FENTY"]
[Black "Psolis"]
[WhiteElo "1803"]
[BlackElo "1772"]
[WhiteRD "na"]
[BlackRD "na"]
[TimeControl "300+0"]
[Date "1999.03.27"]
[Time "09:13:00"]
[WhiteClock "0:05:00.000"]
[BlackClock "0:05:00.000"]
[ECO "D10"]
[PlyCount "82"]
[Result "1-0"]

1. d4 c6 2. c4 d5 3. Nc3 Nf6 4. Bg5 Bf5 5. cxd5 Nxd5 6. e3 Qa5 7. Qd2 Nb4 8. e4 Bg6 9. a3 Nc2+ 10. Qxc2 Qxg5 11. Nf3 Qf4 12. Be2 e6 13. g3 Qf6 14. O-O Be7 15. Ne5 Nd7 16. Nxd7 Kxd7 17. Rad1 Ke8 18. f4 Bd8 19. f5 Qg5 20. fxg6 hxg6 21. Qd2 Qe7 22. Bf3 Bb6 23. Kg2 Rd8 24. Qc2 Qg5 25. d5 Qh6 26. h4 g5 27. h5 g4 28. Bxg4 Qg5 29. Qe2 Bc7 30. Qf3 Rh6 31. dxe6 Rf6 32. exf7+ Kxf7 33. Bf5 Rxd1 34. Rxd1 Rd6 35. Rxd6 Bxd6 36. Bg6+ Ke6 37. Ne2 Kd7 38. Qf7+ Kd8 39. Qe8+ Kc7 40. Qf7+ Kb6 41. Qf2+ Kc7 {Black forfeits on time} 1-0

[Event "FICS rated blitz game"]
[Site "FICS freechess.org"]
[FICSGamesDBGameNo "20000350"]
[White "gassler"]
[Black "GTom"]
[WhiteElo "1243"]
[BlackElo "1124"]
[WhiteRD "na"]
[BlackRD "na"]
[TimeControl "300+5"]
[Date "1999.03.27"]
[Time "05:38:00"]
[WhiteClock "0:05:00.000"]
[BlackClock "0:05:00.000"]
[ECO "C44"]
[PlyCount "49"]
[Result "0-1"]

1. e4 e5 2. Nf3 Nc6 3. c3 Nf6 4. Qc2 Bc5 5. h3 d5 6. d4 dxe4 7. dxc5 exf3 8. gxf3 g6 9. Bh6 Bf5 10. Qb3 Na5 11. Qa4+ c6 12. Nd2 Qc7 13. c4 O-O-O 14. Nb3 Bc2 15. Bg2 Rhe8 16. O-O e4 17. f4 e3 18. f3 e2 19. Rfe1 Rd1 20. Kf2 Rxa1 21. Qb4 Nxb3 22. axb3 Rxe1 23. Qxe1 Bd3 24. h4 Nh5 25. Bf1 {White resigns} 0-1

[Event "FICS rated blitz game"]
[Site "FICS freechess.org"]
[FICSGamesDBGameNo "20000348"]
[White "Alias"]
[Black "Verkkis"]
[WhiteElo "1795"]
[BlackElo "1870"]
[WhiteRD "na"]
[BlackRD "na"]
[TimeControl "300+0"]
[Date "1999.03.26"]
[Time "12:19:00"]
[WhiteClock "0:05:00.000"]
[BlackClock "0:05:00.000"]
[ECO "B38"]
[PlyCount "75"]
[Result "1-0"]

1. e4 c5 2. Nf3 Nc6 3. d4 cxd4 4. Nxd4 g6 5. c4 Bg7 6. Be3 Nf6 7. Nc3 O-O 8. Be2 b6 9. O-O Bb7 10. f3 Qb8 11. Qd2 Rd8 12. Rac1 d6 13. Rfd1 Rd7 14. Nc2 e6 15. Bh6 Bxh6 16. Qxh6 Qf8 17. Qf4 Rad8 18. Qxf6 d5 19. cxd5 exd5 20. Nxd5 Qc5+ 21. Kh1 Na5 22. Nce3 Qf8 23. Qg5 Bc6 24. Nf6+ Kh8 25. Nxd7 Rxd7 26. Rxd7 Bxd7 27. Qf6+ Kg8 28. Nd5 Nc6 29. Rxc6 Qb4 30. Rc1 Qd2 31. Qc3 Qxe2 32. Nf6+ Kg7 33. Nxd7+ Kh6 34. Ne5 a5 35. Ng4+ Kh5 36. Qg7 Qd2 37. Qxh7+ Kg5 38. Qh6# {Black checkmated} 1-0

[Event "FICS rated blitz game"]
[Site "FICS freechess.org"]
[FICSGamesDBGameNo "20000347"]
[White "ikabod"]
[Black "ipa"]
[WhiteElo "1269"]
[BlackElo "1039"]
[WhiteRD "na"]
[BlackRD "na"]
[TimeControl "300+0"]
[Date "1999.03.26"]
[Time "09:46:00"]
[WhiteClock "0:05:00.000"]
[BlackClock "0:05:00.000"]
[ECO "A45"]
[PlyCount "61"]
[Result "1-0"]

1. d4 Nf6 2. f4 e6 3. Nf3 g6 4. e3 Bg7 5. c3 O-O 6. Bd3 Nc6 7. O-O a6 8. Nbd2 b5 9. Ne5 Nxe5 10. fxe5 Nd5 11. e4 Ne3 12. Qe2 Nxf1 13. Nxf1 d6 14. exd6 cxd6 15. e5 dxe5 16. dxe5 Qd5 17. Be4 Qxe5 18. Qf3 Rb8 19. Bf4 Qc5+ 20. Be3 Qg5 21. Bxg5 f6 22. Be3 f5 23. Bc6 e5 24. Rd1 e4 25. Qf4 Rf6 26. Qxb8 Rxc6 27. Rd8+ Kf7 28. Rxc8 Rxc8 29. Qxc8 Bf8 30. Qd7+ Be7 31. Bc5 {Black resigns} 1-0

[Event "FICS rated blitz game"]
[Site "FICS freechess.org"]
[FICSGamesDBGameNo "20000346"]
[White "Colstrip"]
[Black "JetSetWilly"]
[WhiteElo "1350"]
[BlackElo "1416"]
[WhiteRD "na"]
[BlackRD "na"]
[TimeControl "300+0"]
[Date "1999.03.25"]
[Time "17:51:00"]
[WhiteClock "0:05:00.000"]
[BlackClock "0:05:00.000"]
[ECO "C29"]
[PlyCount "121"]
[Result "1-0"]

1. e4 e5 2. Nc3 Nf6 3. f4 d6 4. Nf3 Nc6 5. Bc4 Bg4 6. fxe5 Nxe5 7. Be2 Qd7 8. Nxe5 dxe5 9. O-O O-O-O 10. d3 Bc5+ 11. Kh1 h5 12. Bg5 Qd6 13. Nd5 Rd7 14. Bxf6 gxf6 15. Nxf6 Bxe2 16. Qxe2 Rdd8 17. Rf3 Rh6 18. Nd5 Rg8 19. Raf1 Rhg6 20. Rxf7 c6 21. Ne7+ Qxe7 22. Rxe7 Bxe7 23. Qxh5 Rxg2 24. Qf5+ Kc7 25. Qxe5+ Bd6 26. Rf7+ Kb6 27. Qd4+ Bc5 28. Rxb7+ Kxb7 29. Qxc5 a6 30. e5 Kc7 31. Qd6+ Kb7 32. Qd4 R2g6 33. h4 Rg4 34. Qd7+ Kb6 35. a4 Rg1+ 36. Kh2 R8g2+ 37. Kh3 Rg3+ 38. Kh2 R1g2+ 39. Kh1 Rxc2 40. Qd4+ Kb7 41. Qb4+ Kc7 42. Qd6+ Kb6 43. Qd8+ Kc5 44. Qa5+ Kd4 45. Qb4+ Kxe5 46. Qe4+ Kd6 47. Qf4+ Kc5 48. Qxg3 Kb4 49. Qe1+ Kxa4 50. Qd1 Kb3 51. h5 Kxb2 52. Qxc2+ Kxc2 53. h6 a5 54. h7 a4 55. h8=Q a3 56. Qa1 Kb3 57. Kg2 a2 58. Kf3 c5 59. Ke3 c4 60. dxc4 Kxc4 61. Qxa2+ {Black resigns} 1-0

[Event "FICS rated standard game"]
[Site "FICS freechess.org"]
[FICSGamesDBGameNo "20000345"]
[White "Gautam"]
[Black "Elliss"]
[WhiteElo "1542"]
[BlackElo "1325"]
[WhiteRD "na"]
[BlackRD "na"]
[TimeControl "1200+0"]
[Date "1999.03.25"]
[Time "16:46:00"]
[WhiteClock "0:20:00.000"]
[BlackClock "0:20:00.000"]
[ECO "C40"]
[PlyCount "63"]
[Result "1-0"]

1. e4 e5 2. Nf3 Qe7 3. d4 g5 4. Bxg5 f6 5. Be3 Qb4+ 6. c3 Qxb2 7. Nbd2 Qxc3 8. Bc4 Bb4 9. O-O Qa3 10. Rb1 exd4 11. Bxd4 Nc6 12. Re1 Nxd4 13. Nxd4 Ne7 14. Nb5 Qa5 15. Nb3 Qb6 16. Qh5+ Ng6 17. e5 f5 18. Red1 d6 19. a3 Bxa3 20. Nxa3 Qb4 21. exd6 cxd6 22. Re1+ Kd8 23. Qg5+ Kc7 24. Rbc1 Qxa3 25. Bd5+ Kb6 26. Qe3+ Kb5 27. Bc4+ Ka4 28. Ra1 Qxa1 29. Rxa1+ Kb4 30. Rc1 Bd7 31. Qc3+ Ka4 32. Ra1# {Black checkmated} 1-0

[Event "FICS rated blitz game"]
[Site "FICS freechess.org"]
[FICSGamesDBGameNo "20000344"]
[White "Cavemon"]
[Black "WitchDoktor"]
[WhiteElo "1479"]
[BlackElo "1450"]
[WhiteRD "na"]
[BlackRD "na"]
[TimeControl "120+12"]
[Date "1999.03.25"]
[Time "16:10:00"]
[WhiteClock "0:02:00.000"]
[BlackClock "0:02:00.000"]
[ECO "A84"]
[PlyCount "55"]
[Result "1-0"]

1. c4 f5 2. d4 e6 3. Nf3 d5 4. c5 b6 5. b4 Ba6 6. Nc3 bxc5 7. bxc5 c6 8. Ne5 Qc7 9. e3 Bxf1 10. Rxf1 Bxc5 11. Qh5+ Kf8 12. Ng6+ hxg6 13. Qxh8 Bb4 14. Bb2 Qa5 15. Kd2 Nd7 16. Qh7 Kf7 17. h4 Ndf6 18. Qh8 Ne4+ 19. Ke2 Nxc3+ 20. Bxc3 Bxc3 21. Rab1 Qxa2+ 22. Kf3 Re8 23. h5 Nf6 24. Rb7+ Re7 25. Rxe7+ Kxe7 26. Qxg7+ Kd6 27. Qxf6 gxh5 28. Qd8# {Black checkmated} 1-0

[Event "FICS rated blitz game"]
[Site "FICS freechess.org"]
[FICSGamesDBGameNo "20000343"]
[White "Martial"]
[Black "betouse"]
[WhiteElo "1784"]
[BlackElo "1793"]
[WhiteRD "na"]
[BlackRD "na"]
[TimeControl "240+0"]
[Date "1999.03.25"]
[Time "14:29:00"]
[WhiteClock "0:04:00.000"]
[BlackClock "0:04:00.000"]
[ECO "C00"]
[PlyCount "35"]
[Result "1-0"]

1. e4 e6 2. c4 c6 3. d4 d5 4. Nc3 Ne7 5. Nf3 g6 6. Bg5 Bg7 7. e5 dxc4 8. Bxc4 b5 9. Bb3 a5 10. Ne4 O-O 11. Nf6+ Kh8 12. h4 a4 13. Bc2 Qa5+ 14. Kf1 Nf5 15. h5 Ba6 16. hxg6 Bxf6 17. Bxf6+ Kg8 18. gxh7# {Black checkmated} 1-0

[Event "FICS rated blitz game"]
[Site "FICS freechess.org"]
[FICSGamesDBGameNo "20000342"]
[White "Kraut"]
[Black "lalala"]
[WhiteElo "1425"]
[BlackElo "1466"]
[WhiteRD "na"]
[BlackRD "na"]
[TimeControl "120+3"]
[Date "1999.03.25"]
[Time "00:21:00"]
[WhiteClock "0:02:00.000"]
[BlackClock "0:02:00.000"]
[ECO "C02"]
[PlyCount "43"]
[Result "1-0"]

1. e4 e6 2. d4 d5 3. e5 c5 4. c3 Nc6 5. Nf3 Qb6 6. Bd3 Bd7 7. O-O cxd4 8. cxd4 Nxd4 9. Nxd4 Qxd4 10. Nc3 Qxe5 11. Re1 Qf6 12. Nxd5 Qd4 13. Nc7+ Kd8 14. Nxa8 Bc5 15. Be3 Qd6 16. Bxc5 Qxc5 17. Rc1 Qd5 18. Nc7 Qxa2 19. Bb5 Nf6 20. Re2 Qa5 21. Bxd7 Nxd7 22. Rd2 {Black resigns} 1-0

[Event "FICS rated blitz game"]
[Site "FICS freechess.org"]
[FICSGamesDBGameNo "20000341"]
[White "Xzibit"]
[Black "lyu"]
[WhiteElo "1890"]
[BlackElo "1775"]
[WhiteRD "na"]
[BlackRD "na"]
[TimeControl "180+0"]
[Date "1999.03.24"]
[Time "19:15:00"]
[WhiteClock "0:03:00.000"]
[BlackClock "0:03:00.000"]
[ECO "D00"]
[PlyCount "100"]
[Result "0-1"]

1. d4 d5 2. e3 e6 3. Bd3 Nf6 4. f4 b6 5. Nf3 Bb7 6. Nbd2 Nbd7 7. O-O c5 8. c3 Rc8 9. Ne5 Bd6 10. g4 Bxe5 11. fxe5 Ne4 12. Qf3 O-O 13. Nxe4 dxe4 14. Bxe4 Bxe4 15. Qxe4 cxd4 16. exd4 Re8 17. Be3 Nf8 18. Rf2 Ng6 19. Raf1 Rc7 20. g5 b5 21. a3 a5 22. h4 b4 23. h5 Ne7 24. Rxf7 Nf5 25. Rxc7 Qxc7 26. axb4 Ng3 27. Qg2 Nxf1 28. Kxf1 axb4 29. Bd2 Rf8+ 30. Kg1 Qf7 31. cxb4 Qxh5 32. Bc3 Qd1+ 33. Kh2 Qh5+ 34. Kg1 Qd1+ 35. Kh2 Rf1 36. b5 Qh5+ 37. Kg3 Rf5 38. Qa8+ Kf7 39. Qb7+ Kg6 40. Qe4 Qxg5+ 41. Qg4 Qxg4+ 42. Kxg4 Rf8 43. b4 Rb8 44. Kf4 Rxb5 45. Ke4 h5 46. Kf4 Kh6 47. Kg3 g5 48. Kh3 Kg6 49. Kg3 Kf5 50. Kf3 h4 {White resigns} 0-1

[Event "FICS rated blitz game"]
[Site "FICS freechess.org"]
[FICSGamesDBGameNo "20000340"]
[White "OnlyOne"]
[Black "Grau"]
[WhiteElo "1705"]
[BlackElo "1486"]
[WhiteRD "na"]
[BlackRD "na"]
[TimeControl "180+0"]
[Date "1999.03.24"]
[Time "17:47:00"]
[WhiteClock "0:03:00.000"]
[BlackClock "0:03:00.000"]
[ECO "D00"]
[PlyCount "67"]
[Result "1-0"]

1. d4 d5 2. e3 e6 3. Bd3 c5 4. c3 Nc6 5. Nf3 cxd4 6. cxd4 Nf6 7. Nbd2 Bd6 8. O-O a6 9. e4 dxe4 10. Nxe4 Nxe4 11. Bxe4 Qc7 12. a3 O-O 13. Bxh7+ Kxh7 14. Ng5+ Kg6 15. h4 f5 16. h5+ Kh6 17. Nxe6+ g5 18. Nxc7 Bxc7 19. d5 Ne5 20. d6 Bb6 21. Be3 Ba5 22. Qd5 Nc6 23. d7 Bxd7 24. Qxd7 Rad8 25. Qxb7 Ne5 26. Rad1 Rf7 27. Qxa6+ Rf6 28. Qxa5 Rxd1 29. Rxd1 Ng4 30. Qd8 Nxe3 31. Qxf6+ Kxh5 32. fxe3 g4 33. Qxf5+ Kh4 34. g3+ {Black forfeits on time} 1-0

[Event "FICS rated blitz game"]
[Site "FICS freechess.org"]
[FICSGamesDBGameNo "20000339"]
[White "Motik"]
[Black "RLBS"]
[WhiteElo "1286"]
[BlackElo "1637"]
[WhiteRD "na"]
[BlackRD "na"]
[TimeControl "240+0"]
[Date "1999.03.24"]
[Time "15:57:00"]
[WhiteClock "0:04:00.000"]
[BlackClock "0:04:00.000"]
[ECO "B13"]
[PlyCount "86"]
[Result "1/2-1/2"]

1. e4 c6 2. d4 d5 3. exd5 cxd5 4. Nc3 Nf6 5. Bb5+ Nc6 6. Nf3 Bg4 7. Be2 e6 8. Ne5 Bxe2 9. Nxe2 Nxe5 10. dxe5 Nd7 11. Bf4 Bc5 12. Nd4 O-O 13. a3 a6 14. b4 Bb6 15. O-O Bc7 16. Nf3 f5 17. Bg5 Qe8 18. Bf4 h6 19. Rc1 g5 20. Be3 f4 21. Bd4 Qg6 22. c4 Nb6 23. c5 Nc4 24. a4 g4 25. Nh4 Qg5 26. f3 h5 27. fxg4 hxg4 28. g3 fxg3 29. Rxf8+ Rxf8 30. hxg3 Nxe5 31. Bxe5 Bxe5 32. c6 bxc6 33. Rxc6 Bxg3 34. Ng2 Qh6 35. Qxg4+ Qg7 36. Qxe6+ Kh7 37. Qh3+ Kg8 38. Qe6+ Kh7 39. Qh3+ Kg8 40. Qe6+ Qf7 41. Qg4+ Qg7 42. Qe6+ Kh7 43. Qh3+ Kg8 {Game drawn by repetition} 1/2-1/2